Map: Orbital Shipyard

Players

eDiCooooold

  • Race: Terran Terran
  • League: Platinum

LindyHop - Winner!

  • Race: Zerg Zerg
  • League: Platinum

VOD

Have the link to the VOD?

Description

Time

  • Played on: Jan. 13, 2016, 7:48 p.m.
  • Length: 9:16
Show
View Real Time Build Order
Export as new Build Order

eDiCooooold Terran 

Build Orders: MMM Bio 

Get SALT Encoding   

  12  0:01  SCV  
  13  0:13  SCV  
  14  0:23  Supply Depot  
  14  0:26  SCV  
  15  0:44  SCV  
  15  0:46  Barracks  
  16  1:02  Barracks  
  16  1:07  Barracks  
  16  1:14  SCV  
  17  1:26  SCV  
  18  1:33  Marine  
  18  1:34  Supply Depot  
  19  1:40  Orbital Command  
  19  1:49  Marine  
  19  1:53  Marine  
  21  1:56  Marine  
  22  2:07  Marine  
  23  2:10  SCV  
  24  2:16  Marine  
  24  2:22  SCV  
  26  2:25  Marine x2  
  28  2:36  Marine  
  29  2:43  Marine x2  
  31  2:49  Bunker  
  31  2:55  Bunker  
  31  3:01  Marine  
  31  3:04  SCV  
  27  3:13  Marine x2  
  27  3:19  Marine  
  21  3:28  SCV  
  21  3:31  Marine x2  
  24  3:36  Marine  
  24  3:40  SCV  
  25  3:49  Marine x2  
  25  3:52  SCV  
  25  3:54  Marine  
  21  4:05  SCV  
  21  4:07  Command Center  
  22  4:17  SCV, Refinery x2  
  23  4:24  Marine  
  23  4:29  SCV  
  21  4:41  SCV  
  21  4:44  Marine  
  22  4:53  SCV  
  23  5:03  Bunker, Marine  
  23  5:04  Supply Depot  
  23  5:05  SCV  
  25  5:17  SCV, Barracks  
  25  5:21  Marine  
  26  5:24  SCV  
  27  5:29  SCV  
  28  5:38  Factory, Orbital Command  
  28  5:40  Marine  
  29  5:48  Marine  
  29  5:49  Barracks Tech Lab  
  30  6:00  Supply Depot  
  30  6:07  Supply Depot  
  30  6:11  Marine  
  30  6:16  SCV  
  32  6:25  Factory Reactor  
  32  6:28  SCV  
  32  6:29  SCV  
  34  6:36  Starport  
  34  6:51  Barracks Tech Lab  
  34  6:52  Stimpack  
  34  6:53  Marine x2  
  36  6:57  Marine  
  36  7:01  Widow Mine x2  
  40  7:09  Supply Depot  
  40  7:11  Combat Shields  
  40  7:13  SCV x2  
  41  7:25  SCV x2  
  42  7:37  SCV, Hellion x2  
  31  7:38  SCV, Marine x2  
  31  7:39  Marine  
  32  7:47  Liberator  
  31  7:56  Marine x2  
  31  7:57  Widow Mine  
  30  7:59  Marine  
  30  8:03  SCV x2  
  26  8:14  Marine x2  
  26  8:16  Marine  
  28  8:32  Marine  
Show
View Real Time Build Order
Export as new Build Order

LindyHop Zerg - Winner!

Build Orders: Hatch First 

Get SALT Encoding   

  12  0:01  Drone  
  13  0:12  Overlord  
  13  0:17  Drone  
  14  0:30  Drone x2  
  14  0:34  Drone  
  17  0:53  Hatchery  
  16  0:57  Drone  
  17  1:10  Spawning Pool  
  16  1:13  Drone  
  16  1:16  Extractor  
  16  1:18  Drone  
  16  1:23  Drone  
  18  1:30  Drone  
  19  1:40  Overlord  
  19  1:57  Queen  
  19  2:00  Zergling x2  
  23  2:01  Zergling x2  
  23  2:05  Queen  
  25  2:09  Zergling x2  
  25  2:12  Drone  
  27  2:20  Metabolic Boost  
  27  2:25  Drone x2  
  28  2:41  Zergling x4  
  28  2:42  Spine Crawler, Zergling x2  
  29  2:47  Zergling x2  
  28  3:08  Zergling x2  
  26  3:17  Zergling x4  
  26  3:18  Zergling x4  
  27  3:20  Zergling x2  
  28  3:37  Spine Crawler  
  27  3:44  Zergling x2  
  27  3:47  Zergling x2  
  27  3:51  Drone x2  
  27  4:01  Overlord x2  
  27  4:10  Baneling Nest  
  26  4:19  Drone x5  
  26  4:20  Drone  
  32  4:36  Drone x3  
  35  4:43  Zergling x2  
  36  4:48  Zergling x2  
  37  4:54  Baneling x4  
  37  4:55  Baneling  
  37  4:56  Baneling  
  37  4:57  Baneling  
  37  4:58  Zergling x2  
  37  4:59  Zergling x10  
  43  5:07  Zergling x2  
  44  5:17  Hatchery  
  39  5:28  Zergling x2  
  39  5:29  Zergling x8  
  39  5:30  Overlord  
  39  5:31  Overlord  
  44  5:36  Baneling x3  
  44  5:42  Roach Warren  
  43  5:47  Extractor  
  42  5:54  Baneling  
  42  5:55  Baneling  
  42  5:58  Zergling x10  
  42  6:04  Zergling x2  
  47  6:07  Baneling x2  
  47  6:14  Zergling x8  
  47  6:15  Zergling x4  
  53  6:19  Extractor  
  52  6:39  Lair  
  52  6:44  Drone x7  
  59  6:56  Baneling x6  
  59  6:57  Baneling  
  59  7:06  Zergling x8  
  62  7:21  Zergling x10  
  62  7:22  Zergling x2  
  57  7:39  Zergling x8  
  61  7:48  Zergling x2  
  62  7:52  Zergling x2  
  62  7:58  Drone  
  61  7:59  Spire  
  61  8:04  Zergling x2  
  61  8:05  Zergling x8  
  63  8:12  Zergling x2  
  61  8:28  Zergling x2  
  61  8:29  Zergling x8  
  61  8:34  Zergling x2  
  66  8:36  Drone  
  65  8:45  Baneling x8  
  65  8:46  Baneling x2  
  65  8:47  Zergling x2  
  65  8:55  Zergling x2  
Tags
 
Add a new tag
Caveats
  • Supply blocks, unpowered buildings, or Contaminate may cause inaccurate times.
  • Supply counts are checked every 10 seconds.